 Dungeon Crawl Stone Soup version 0.29-a0-717-g6dac4ea423 (webtiles) character file.

Game seed: 5854206881905073920

295 crusatyr the Slasher (level 6, -8/70 HPs)
             Began as a Demonspawn Monk on June 27, 2022.
             Mangled by a mummy (13 damage)
             ... in an ossuary.
             The game lasted 00:07:58 (5132 turns).

crusatyr the Slasher (Demonspawn Monk)              Turns: 5132, Time: 00:07:58

Health: -8/70      AC: 10    Str: 13    XL:     6   Next: 11%
Magic:  6/6        EV:  6    Int: 12    God:
Gold:   253        SH:  9    Dex: 15    Spells: 5/5 levels left

rFire   . . .      SeeInvis .   a - +0 falchion
rCold   . . .      Faith    .   (no shield)
rNeg    . . .      Spirit   .   f - +0 chain mail
rPois   .          Reflect  +   (helmet restricted)
rElec   .          Harm     .   (no cloak)
rCorr   .          Rampage  .   (no gloves)
Will    .....                   s - +1 pair of boots
Stlth   ..........              j - amulet of reflection
HPRegen 0.21/turn               (no ring)
MPRegen 0.10/turn               (no ring)

@: mighty, berserking, attractive, very quick
A: horns 2, large bone plates 1
a: no special abilities


You were in an ossuary.
You visited 1 branch of the dungeon, and saw 4 of its levels.
You also visited: Ossuary.

You collected 253 gold pieces.

Inventory:

Hand Weapons
 a - a +0 falchion (weapon)
Missiles
 p - 10 poisoned darts (quivered)
Armour
 f - a +0 chain mail (worn)
 s - a +1 pair of boots (worn)
 u - a scarf of invisibility
Jewellery
 b - a ring of flight
 i - a +4 ring of evasion
 j - an amulet of reflection (around neck)
Wands
 t - a wand of polymorph (13)
Scrolls
 d - 2 scrolls of teleportation
 g - 3 scrolls of identify
 h - a scroll of poison
 k - a scroll of fog
Potions
 c - a potion of ambrosia
 e - a potion of resistance
 m - a potion of flight
 o - a potion of berserk rage
 r - 2 potions of heal wounds {unknown}


   Skills:
 - Level 3.0 Fighting
 + Level 6.3 Long Blades
 - Level 2.6 Dodging
 - Level 1.7 Stealth


You had 5 spell levels left.
You didn't know any spells.
Your spell library contained the following spells:

 Spells                   Type           Power      Damage    Failure   Level
 Sandblast                Erth           0%         2d4       100%        1
 Passwall                 Tmut/Erth      0%         N/A       100%        2
 Static Discharge         Conj/Air       0%         N/A       100%        2
 Stone Arrow              Conj/Erth      0%         3d7       100%        3
 Lightning Bolt           Conj/Air       0%         1d11      100%        5
 Maxwell's Capacitive Co  Air            0%         ∞         100%        8


Dungeon Overview and Level Annotations

Branches:
Dungeon (4/15)            Ossuary (1/1)
 Temple: D:4-7

Altars:
Ashenzari
Kikubaaqudgha

Shops:
D:2 =


Innate Abilities, Weirdness & Mutations

You have a pair of horns on your head.
You are partially covered in large bone plates. (SH +4)


Message History

You hit the mummy but do no damage.
The mummy is lightly damaged.
You barely miss the mummy. You headbutt the mummy.
The mummy is moderately damaged.
You block the mummy's attack. The mummy barely misses you.
You feel very mighty all of a sudden. The mummy hits you but does no damage.
It was a potion of attraction.
You feel attractive to monsters. You block the mummy's attack.
The mummy is attracted toward you.
It was a potion of berserk rage.
A red film seems to cover your vision as you go berserk!
You feel yourself moving faster!
You feel mighty! You block the mummy's attack. The mummy hits you!
* * * LOW HITPOINT WARNING * * *
You block the mummy's attack.
You are too berserk!
You slash the mummy!
The mummy is heavily damaged.
You slash the mummy!
You destroy the mummy!
You hit the mummy. You headbutt the mummy.
The mummy is heavily damaged.
The mummy hits you!
* * * LOW HITPOINT WARNING * * *
You slash the mummy!
The mummy is almost destroyed.
You slash the mummy!
You destroy the mummy!
You block the mummy's attack.
You hit the mummy.
The mummy is heavily damaged.
You block the mummy's attack.
You hit the mummy. You headbutt the mummy.
The mummy is severely damaged.
You block the kobold zombie's attack.
You hit the mummy.
The mummy is severely damaged.
The mummy hits you!
You die...

#....#
#....#
#....#
#....#
#....#
#....#
#....#
#MM..#
#@Z∩.#
######


You could see 2 mummies and a kobold zombie.

Vanquished Creatures
  A vampire bat (D:3)
  2 orc priests (D:3)
  2 mummies (Ossuary)
  2 gnolls (D:2)
  4 adders
  A worm (D:2)
  3 dart slugs (D:2)
  9 orcs (D:3)
  3 ball pythons
  A bat skeleton (D:3)
  5 bat zombies (D:3)
  7 endoplasms
  2 giant cockroaches (D:3)
  9 goblins
  8 hobgoblins
  4 jackals (D:3)
  7 quokkas
  4 bats
  5 frilled lizards
  A gnoll zombie (Ossuary)
  4 hobgoblin zombies (Ossuary)
  5 kobolds
  2 kobold zombies (Ossuary)
  5 rats
96 creatures vanquished.

Vanquished Creatures (others)
  18 plants (D:2)
  2 withered plants (D:1)
20 creatures vanquished.

Grand Total: 116 creatures vanquished

Notes
Turn   | Place    | Note
-------+----------+-------------------------------------------
     0 | D:1      | crusatyr the Demonspawn Monk began the quest for the Orb.
     0 | D:1      | Reached XP level 1. HP: 18/18 MP: 1/1
   241 | D:1      | Reached skill level 3 in Long Blades
   442 | D:1      | Gained mutation: You are partially covered in large bone
                  | plates. (SH +4) [demonic ancestry]
   442 | D:1      | Reached XP level 2. HP: 24/24 MP: 2/2
   558 | D:1      | Found a faded altar of an unknown god.
  1346 | D:1      | Found a broken altar of Ashenzari.
  1426 | D:2      | Gained mutation: You have a pair of small horns on your
                  | head. [demonic ancestry]
  1426 | D:2      | Reached XP level 3. HP: 29/29 MP: 3/3
  1444 | D:2      | Reached skill level 4 in Long Blades
  1919 | D:2      | Found Paolax's Jewellery Emporium.
  2435 | D:2      | Gained mutation: You have a pair of horns on your head.
                  | [demonic ancestry]
  2435 | D:2      | Reached XP level 4. HP: 35/35 MP: 4/4
  3631 | D:3      | Reached skill level 5 in Long Blades
  3643 | D:3      | Reached XP level 5. HP: 34/41 MP: 5/5
  4327 | D:3      | Found an ancient bone altar of Kikubaaqudgha.
  4338 | D:3      | Reached skill level 6 in Long Blades
  5052 | D:4      | Found a sand-covered staircase.
  5057 | Ossuary  | Entered an ossuary
  5075 | Ossuary  | Reached XP level 6. HP: 47/47 MP: 6/6
  5132 | Ossuary  | Mangled by a mummy

Illustrated notes

Levels and vault maps discovered:
D:1:      dpeg_arrival_water_altar, layout_loops_ring,
          shapermc_ecumenical_altar_flowoftime, grunt_decor_cap,
          minmay_box_of_dots
D:2:      wad_woods_tower, layout_basic, serial_shops,
          nicolae_shop_hallway_stairs
D:3:      layout_basic, kennysheep_vampire_church
D:4:      layout_layer_cave, enter_ossuary_5
Ossuary:  ossuary_tomb_3

Skill      XL: |  1  2  3  4  5 |
---------------+----------------+-----
Long Blades    | 3 4 5 6 |  6.3
Fighting       | |  3.0
Dodging        | |  2.6
Stealth        | |  1.7

Action                   |  1- 3 |  4- 6 || total
-------------------------+-------+-------++-------
Melee: Falchion          |   161 |   169 ||   330
       Headbutt          |    13 |    35 ||    48
       Punch             |     2 |     1 ||     3
  Use: Scroll            |       |     9 ||     9
       Potion            |       |     7 ||     7
Armor: Chain mail        |    71 |   132 ||   203
       Robe              |     2 |       ||     2
Dodge: Dodged            |    46 |    58 ||   104
Block: Other             |    28 |   109 ||   137
       Reflection        |     1 |     2 ||     3

Table legend: (Time is in decaauts)
 A = Elapsed time spent in this place.
 B = Non-inter-level travel time spent in this place.
 C = Inter-level travel time spent in this place.
 D = Time resting spent in this place.
 E = Time spent auto-exploring this place.
 F = Levels seen in this place.
 G = Mean time per level.
                   A        B        C        D        E       F      G
               +--------+--------+--------+--------+--------+-----+--------+
         Total |   5157 |   4964 |    193 |    677 |   3442 |   5 | 1031.4 |
       Dungeon |   5084 |   4891 |    193 |    677 |   3431 |   4 | 1271.0 |
       Ossuary |     72 |     72 |      0 |      0 |     11 |   1 |   72.0 |
               +--------+--------+--------+--------+--------+-----+--------+

Top non-repeatable levels by time:
     D:3: 1649 daAuts
     D:2: 1564 daAuts
     D:1: 1396 daAuts
     D:4: 475 daAuts
 Ossuary: 72 daAuts
